AoeStats
← Raiquen

Arabia

509998408Analyzed
4v4 RM · 3d ago on Sep 29, 2026· 60m 17s· 8 players
Game mode
Random Map
Map size
Large (8 player)
Population
200
Speed
Normal
Resources
Standard
Victory
Conquest
Starting age
Dark Age
Ending age
Imperial Age
RankedLock teamsTeams togetherTeam positionsShared explorationLock speedFull tech treeHidden civsTurbo modeCheats
Victory
Defeat
🇦🇷 Inca · Argentina
1002
+11
🇦🇷 Maya · Argentina
960
+13
🇦🇷 Byzantines · Argentina
956
+13
🇦🇷 Burgundians · Argentina
946
+13
🇩🇪 Saxons · Germany
908
-13
🇨🇱 Romans · Chile
897
-13
🇲🇽 Persians · Mexico
874
-12
🇸🇪 Saxons · Sweden
873
-12
Raiquen
6:33 Loom
12:30 Feudal Age
13:59 Horse Collar
19:30 Castle Age
21:29 Wheelbarrow
22:19 Double-Bit Axe
29:37 Hand Cart
42:51 Imperial Age
44:40 Bow Saw
47:43 Ballistas
48:24 Ballistics
50:07 Pikeman
52:15 Heavy Plow
52:46 Man-at-Arms
53:27 Squires
57:19 Scale Mail Armor
57:30 Forging
Rompe--Anos
0:30 Loom
13:33 Feudal Age
19:06 Castle Age
18:13 Double-Bit Axe
31:48 Scale Barding Armor
31:57 Bloodlines
38:43 Imperial Age
37:03 Ballistics
43:59 Chemistry
TTVBrophetLIVE
12:10 Feudal Age
14:06 Wheelbarrow
13:21 Double-Bit Axe
15:01 Loom
18:01 Horse Collar
26:02 Castle Age
26:55 Stone Mining
29:49 Hand Cart
44:31 Imperial Age
43:21 Heavy Plow
46:30 Crossbowman
49:25 Fletching
ÍtsÁppleTime
5:31 Loom
10:09 Feudal Age
10:42 Double-Bit Axe
10:38 Horse Collar
15:17 Gold Mining
16:25 Stone Mining
20:34 Castle Age
19:44 Wheelbarrow
19:54 Forging
20:25 Fletching
22:40 Murder Holes
22:37 Guard Tower
24:08 Bow Saw
23:59 Heavy Plow
24:43 Ballistics
25:17 Bodkin Arrow
26:17 Treadmill Crane
29:10 Gold Shaft Mining
28:16 Light Cavalry
29:49 Husbandry
30:50 Bloodlines
33:34 Scale Barding Armor
34:06 Iron Casting
37:50 Imperial Age
37:11 Hand Cart
37:21 Thumb Ring
37:03 Gambesons
37:19 Squires
37:05 Arson
37:22 Scale Mail Armor
38:20 Cranequins
39:06 Bracer
38:38 Elite Hearth Troop
41:41 Siege Engineers
42:12 Keep
41:24 Town Watch
41:02 Heavy Mounted Crossbowman
42:05 Chain Mail Armor
43:44 Arrowslits
45:49 Shield Wall
46:50 Conscription
50:07 Chemistry
52:47 Plate Mail Armor
52:51 Fortified Wall
52:59 Clerical Recruitment
54:30 Elite Varangian Guard
54:36 Cavalier
muygamers
11:19 Feudal Age
12:08 Double-Bit Axe
11:51 Champi Runner
13:00 Horse Collar
16:45 Scale Mail Armor
16:45 Arson
18:01 Forging
20:03 Wheelbarrow
24:14 Castle Age
24:25 Champi Warrior
31:52 Town Watch
36:30 Squires
38:21 Gold Mining
40:28 Ballistics
41:56 Gold Shaft Mining
41:35 Bow Saw
41:27 Heavy Plow
46:00 Imperial Age
44:42 Town Patrol
46:49 Iron Casting
47:17 Crop Rotation
47:29 Conscription
48:36 Conscription
50:38 Blast Furnace
49:54 Chain Mail Armor
49:02 Elite Champi Warrior
El D14ablo
2:56 Loom
10:12 Feudal Age
11:08 Double-Bit Axe
11:19 Gold Mining
13:29 Horse Collar
15:02 Fletching
16:31 Padded Archer Armor
22:03 Wheelbarrow
25:55 Castle Age
26:15 Crossbowman
26:52 Bodkin Arrow
28:23 Leather Archer Armor
28:59 Thumb Ring
31:39 Bow Saw
31:39 Husbandry
31:53 Scale Barding Armor
31:59 Forging
34:38 Gold Shaft Mining
34:41 Elite Skirmisher
36:35 Ballistics
42:00 Imperial Age
39:21 Light Cavalry
41:02 Stone Mining
41:34 Hand Cart
46:17 Heavy Plow
46:43 Chain Barding Armor
46:58 Iron Casting
46:24 Bracer
49:29 Conscription
51:04 Chemistry
49:29 Elite Cataphract
51:14 Plate Barding Armor
51:46 Logistica
NeXt
5:35 Loom
10:25 Feudal Age
11:18 Double-Bit Axe
11:17 Horse Collar
13:42 Fletching
14:18 Gold Mining
18:48 Padded Archer Armor
23:20 Castle Age
24:48 Bodkin Arrow
24:17 Crossbowman
25:02 Thumb Ring
26:39 Heavy Plow
26:49 Bow Saw
28:45 Stone Mining
30:46 Stone Shaft Mining
34:47 Wheelbarrow
35:57 Ballistics
38:56 Leather Archer Armor
42:21 Imperial Age
40:07 Hand Cart
39:38 Town Watch
42:26 Elite Plumed Archer
44:25 Bracer
44:58 Ring Archer Armor
44:09 Arbalester
47:52 Conscription
52:38 Onager
61:04 Forging
Bondiolamaster
7:26 Loom
10:35 Feudal Age
14:52 Forging
22:56 Castle Age
21:34 Stone Mining
23:00 Scale Barding Armor
30:56 Husbandry
39:32 Imperial Age
39:58 Iron Casting
52:09 Chain Barding Armor
55:42 Blast Furnace
Connection lost

Rejoining the realm…

Still unreachable

The connection could not be restored.

Session expired

The server has moved on; the page needs a fresh start.